 Dungeon Crawl Stone Soup version 0.27.0-1-g7a089689b8 (webtiles) character file.

Game seed: 6297858022546059320

174 Malachi the Sneak (level 5, -1/25 HPs)
             Began as a Kobold Enchanter on Aug 15, 2021.
             Was a Believer of Zin.
             Slain by Crazy Yiuf (5 damage)
             ... on level 3 of the Dungeon.
             The game lasted 00:06:01 (4045 turns).

Malachi the Sneak (Kobold Enchanter)                Turns: 4045, Time: 00:06:02

Health: -1/25      AC:  6    Str:  5 (6)  XL:     5   Next: 84%
Magic:  8/8        EV: 14    Int: 14 (17) God:    Zin [**....]
Gold:   73         SH:  0    Dex: 12 (13) Spells: 2/8 levels left

rFire    . . .     SeeInvis .   g - +1 dagger (venom)
rCold    . . .     Faith    .   (shield restricted)
rNeg     . . .     Spirit   .   b - +0 robe
rPois    .         Reflect  .   (no helmet)
rElec    .         Harm     .   (no cloak)
rCorr    .         Rampage  .   (no gloves)
Will     .....                  (no boots)
Stlth    +++++.....             (no amulet)
HPRegen  0.08/turn              e - +4 ring of protection
MPRegen  0.11/turn              (no ring)

@: mighty
A: small, no large weapons, nightstalker 3, clumsy 1, frail 1, sense
surroundings 1
a: Renounce Religion, Recite, Vitalisation, Donate Gold


You were on level 3 of the Dungeon.
You worshipped Zin.
Zin was pleased with you.
You visited 1 branch of the dungeon, and saw 3 of its levels.

You collected 81 gold pieces.
You donated 8 gold pieces to Zin.

Inventory:

Hand Weapons
 a - a +1 dagger
 g - a +1 dagger of venom (weapon)
Armour
 b - a +0 robe (worn)
Jewellery
 e - a +4 ring of protection (left hand)
Potions
 h - a potion of magic {unknown}
 i - a potion of brilliance {unknown}


   Skills:
 - Level 1.4 Short Blades
 - Level 2.4 Dodging
 * Level 7.8 Stealth
 - Level 2.2 Spellcasting
 - Level 3.1 Hexes
 * Level 1.8 Ice Magic


You had 2 spell levels left.
You knew the following spells:

 Your Spells              Type           Power      Damage    Failure   Level
a - Corona                Hex            11%        N/A       6%          1
b - Ensorcelled Hibernat  Hex/Ice        16%        N/A       13%         2
c - Confusing Touch       Hex            10%        N/A       19%         3

Your spell library contained the following spells:

 Spells                   Type           Power      Damage    Failure   Level
 Tukima's Dance           Hex            10%        N/A       19%         3
 Dazzling Flash           Conj/Hex       10%        N/A       36%         3
 Iskenderun's Mystic Bla  Conj/Tloc      1%         2d3       93%         4
 Starburst                Conj/Fire      0%         8x6d3     100%        6


Dungeon Overview and Level Annotations

Branches:
Dungeon (3/15)

Altars:
Zin

Annotations:
D:3 Crazy Yiuf


Innate Abilities, Weirdness & Mutations

You are small and have problems with some larger weapons.
You are completely attuned to the shadows.
You are clumsy. (Dex -2)
You are frail. (-10% HP)
You passively map a small area around you.


Message History

Zin forgives your inadvertent chaotic act, just this once.
* * * LOW HITPOINT WARNING * * *
You feel sick. Crazy Yiuf closely misses you.
You feel better.
Crazy Yiuf hits you with a +2 quarterstaff of chaos.
You feel yourself slow down.
You barely miss Crazy Yiuf.
Crazy Yiuf is moderately wounded.
Crazy Yiuf hits you with a +2 quarterstaff of chaos.
* * * LOW HITPOINT WARNING * * *
You feel mightier all of a sudden.
Crazy Yiuf hits you with a +2 quarterstaff of chaos.
* * * LOW HITPOINT WARNING * * *
Crazy Yiuf freezes you.
* * * LOW HITPOINT WARNING * * *
There is an open translucent door here.
You feel better. Crazy Yiuf hits you but does no damage.
Crazy Yiuf closely misses you. Crazy Yiuf misses you. Crazy Yiuf misses you.
You see here a +0 mace.
You feel yourself speed up.
Crazy Yiuf looks more healthy.
Crazy Yiuf hits you with a +2 quarterstaff of chaos!
* * * LOW HITPOINT WARNING * * *
Crazy Yiuf burns you.
* * * LOW HITPOINT WARNING * * *
You see here a +0 mace.
Crazy Yiuf grits, "Seed!
Sif Muna blue turtle."
You see here a +0 mace.
You see here a +0 mace.
You closely miss Crazy Yiuf.
Crazy Yiuf is almost dead.
Crazy Yiuf sings, "Trees, trees, trees, circus!"
Crazy Yiuf barely misses you.
You completely miss Crazy Yiuf.
Crazy Yiuf is almost dead.
Crazy Yiuf flaps his cloak.
Crazy Yiuf hits you with a +2 quarterstaff of chaos.
You die...

♣♣.♣ ##.#...#≈≈
♣.♣♣ #.#.⌠.#≈≈ ♣♣.♣
#.#...#≈≈ ♣.♣♣
#..###≈.. ♣♣.♣♣
#........ ♣.))♣♣
#####.... ♣))))♣
#.... ##)g## #....
#))@)# ##....
##).)# #.....
##.###########.....
#.............####
#####.#######.# #.#
#.# #.# #.# #.# #.#
#.# #.#


You could see Crazy Yiuf.

Vanquished Creatures
  Jessica (D:2)
  An orc wizard (D:3)
  4 gnolls
  2 adders (D:2)
  A worm (D:2)
  3 dart slugs
  4 orcs (D:3)
  6 bats (D:1)
  2 endoplasms
  A giant cockroach (D:3)
  2 hobgoblins
  8 jackals (D:2)
  2 quokkas
  5 ball pythons
  6 frilled lizards
  4 goblins
  4 kobolds
  4 rats
60 creatures vanquished.

Notes
Turn   | Place    | Note
-------+----------+-------------------------------------------
     0 | D:1      | Malachi the Kobold Enchanter began the quest for the Orb.
     0 | D:1      | Reached XP level 1. HP: 10/10 MP: 3/3
    73 | D:1      | Reached XP level 2. HP: 15/15 MP: 5/5
    76 | D:1      | Learned a level 2 spell: Ensorcelled Hibernation
   417 | D:1      | Reached skill level 5 in Stealth
   727 | D:1      | Reached XP level 3. HP: 19/19 MP: 6/6
   731 | D:1      | Learned a level 3 spell: Confusing Touch
  1344 | D:2      | Reached skill level 6 in Stealth
  1344 | D:2      | Reached XP level 4. HP: 20/24 MP: 2/7
  1485 | D:1      | Reached skill level 1 in Ice Magic
  2026 | D:2      | Noticed Jessica
  2030 | D:2      | Killed Jessica
  2031 | D:2      | Reached skill level 7 in Stealth
  2031 | D:2      | Reached XP level 5. HP: 28/28 MP: 8/8
  3247 | D:3      | Found a faded altar of an unknown god.
  3275 | D:3      | Became a worshipper of Zin the Law-Giver
  3275 | D:3      | Reached * piety under Zin
  3617 | D:3      | Reached ** piety under Zin
  4018 | D:3      | Found a runed translucent door.
  4021 | D:3      | Noticed Crazy Yiuf
  4029 | D:3      | Gained mutation: You are frail. (-10% HP) [potion of
                  | mutation]
  4029 | D:3      | Gained mutation: You are clumsy. (Dex -2) [potion of
                  | mutation]
  4029 | D:3      | Gained mutation: You passively map a small area around you.
                  | [potion of mutation]
  4045 | D:3      | Slain by Crazy Yiuf

Illustrated notes

Levels and vault maps discovered:
D:1:      minmay_arrival_stone_box, layout_basic
D:2:      layout_basic, fountainhead, hangedman_decor_lopped, uniq_jessica
D:3:      layout_basic, lemuel_tele_altar,
          chequers_ecumenical_altar_simple_redux, fountainhead, minivault_25,
          uniq_crazy_yiuf_cottage

Skill      XL: |  1  2  3  4 |
---------------+-------------+-----
Stealth        | 5 6 7 |  7.8
Ice Magic      | 1 |  1.8
Short Blades   | |  1.4
Dodging        | |  2.4
Spellcasting   | |  2.2
Hexes          | |  3.1

Action                   |  1- 3 |  4- 6 || total
-------------------------+-------+-------++-------
Melee: Dagger            |    53 |    69 ||   122
 Cast: Ensorcelled Hiber |     4 |    20 ||    24
  Use: Scroll            |       |     3 ||     3
       Potion            |       |     6 ||     6
 Stab: Sleeping          |    21 |    26 ||    47
Armor: Robe              |     6 |    14 ||    20
       Skin              |       |     1 ||     1
Dodge: Dodged            |    24 |    39 ||    63
